 Dungeon Crawl Stone Soup version 0.23-a0-712-g3a644c0 (webtiles) character file.

571 domsik the Cleaver (level 7, 0/57 HPs)
             Began as a Minotaur Berserker on Jan 15, 2019.
             Was a Believer of Trog.
             Slain by a bullfrog skeleton (3 damage)
             ... on level 5 of the Dungeon.
             The game lasted 00:06:54 (3240 turns).

domsik the Cleaver (Minotaur Berserker)             Turns: 3240, Time: 00:06:56

Health: 0/57       AC:  1    Str: 22    XL:     7   Next: 12%
Magic:  6/6        EV: 12    Int:  4    God:    Trog [**....]
Gold:   138        SH:  0    Dex: 11    Spells: 6/6 levels left

rFire    . . .     SeeInvis .   (no weapon)
rCold    . . .     Gourm    .   (no shield)
rNeg     . . .     Faith    .   (no armour)
rPois    .         Spirit   .   (helmet restricted)
rElec    .         Reflect  .   (no cloak)
rCorr    .         Harm     .   t - +0 pair of gloves
MR       .....                  (no boots)
Stlth    +.........             (no amulet)
HPRegen  0.19/turn              e - ring of flight
MPRegen  0.10/turn              (no ring)

@: no status effects
A: retaliatory headbutt, horns 2
a: Berserk, Trog's Hand, Renounce Religion, Evoke Flight


You were on level 5 of the Dungeon.
You worshipped Trog.
Trog was pleased with you.
You were not hungry.

You visited 1 branch of the dungeon, and saw 5 of its levels.
You also visited: Sewer.

You collected 138 gold pieces.

Inventory:

Armour
 t - a +0 pair of gloves (worn)
Jewellery
 e - a ring of flight (left hand)
Wands
 v - a wand of disintegration (13)
Scrolls
 a - 2 scrolls of enchant weapon
 d - 2 scrolls of identify
 f - a scroll of magic mapping
 g - 2 scrolls of remove curse
 j - 2 scrolls of blinking {unknown}
 k - a scroll of immolation {unknown}
 l - 2 scrolls of random uselessness {unknown}
 m - a scroll of noise {unknown}
 o - 3 scrolls of enchant armour
 s - a scroll of fear {unknown}
Potions
 b - 2 potions of flight {unknown}
 h - a potion of lignification {unknown}
 n - a potion of magic {unknown}
 p - 3 potions of curing {unknown}
 q - 2 potions of agility {unknown}
 u - a potion of degeneration {unknown}
Comestibles
 c - 13 rations


   Skills:
 - Level 3.6 Fighting
   Level 8.1 Axes
 + Level 6.1 Armour
 - Level 2.1 Dodging


You had 6 spell levels left.
You didn't know any spells.
Your spell library was empty.

Dungeon Overview and Level Annotations

Branches:
Dungeon (5/15)
 Temple: D:4-7

Altars:
Ashenzari
Dithmenos
Makhleb
Nemelex Xobeh
Okawaru
Ru
Yredelemnul
The Shining One


Innate Abilities, Weirdness & Mutations

You reflexively headbutt those who attack you in melee.
You have a pair of horns on your head.


Message History

The bullfrog skeleton completely misses you.
The bullfrog skeleton hits you.
The bullfrog skeleton closely misses you.
The bullfrog skeleton hits you!
* * * LOW HITPOINT WARNING * * *
The bullfrog skeleton hits you.
* * * LOW HITPOINT WARNING * * *
The bullfrog skeleton hits you.
* * * LOW HITPOINT WARNING * * *
The bullfrog skeleton misses you. The bullfrog skeleton hits you.
* * * LOW HITPOINT WARNING * * *
The bullfrog skeleton closely misses you.
The bullfrog skeleton closely misses you.
The bullfrog skeleton hits you.
* * * LOW HITPOINT WARNING * * *
The bullfrog skeleton hits you but does no damage.
The bullfrog skeleton hits you but does no damage.
The bullfrog skeleton misses you. The bullfrog skeleton hits you.
You die...

### ..# #.# #.#
#.# # .
#.#####.##
#...####.......?.
..%..JZ@.......#
#...####.?####.#
. ....##..#
.......<#
....###.# ..# #.#
. #.# ... ###


You could see a jelly and a bullfrog skeleton.

Vanquished Creatures
  Grinder (D:3)
  Purgy (Sewer)
  A hound (D:4)
  An iguana (D:2)
  A hound skeleton (D:4)
  4 gnolls (D:3)
  6 adders
  A river rat (D:4)
  An ooze (D:4)
  An adder skeleton (D:4)
  5 worms
  2 dart slugs (D:2)
  3 leopard geckos
  An orc (D:3)
  5 giant cockroaches
  3 goblins
  10 hobgoblins
  6 jackals
  5 kobolds
  A quokka (D:2)
  3 ball pythons (D:4)
  9 bats
  4 frilled lizards
  5 rats
80 creatures vanquished.

Notes
Turn   | Place    | Note
-------+----------+-------------------------------------------
     0 | D:1      | domsik the Minotaur Berserker began the quest for the Orb.
     0 | D:1      | Reached XP level 1. HP: 19/19 MP: 0/0
   316 | D:1      | Reached skill level 4 in Axes
   441 | D:1      | Reached XP level 2. HP: 26/26 MP: 1/1
  1071 | D:2      | Found an iron altar of Okawaru.
  1173 | D:2      | Found a burning altar of Makhleb.
  1225 | D:2      | Reached XP level 3. HP: 19/31 MP: 2/2
  1383 | D:2      | Reached ** piety under Trog
  1411 | D:2      | Reached skill level 5 in Axes
  1526 | D:2      | Reached XP level 4. HP: 38/39 MP: 3/3
  1535 | D:2      | Found a sacrificial altar of Ru.
  1686 | D:3      | Noticed Grinder
  1690 | D:3      | Killed Grinder
  1690 | D:3      | Reached skill level 7 in Axes
  1690 | D:3      | Reached XP level 5. HP: 45/45 MP: 4/4
  1690 | D:3      | Reached XP level 6. HP: 51/51 MP: 5/5
  1810 | D:3      | Reached skill level 5 in Armour
  1855 | D:3      | Found a burning altar of Makhleb.
  1909 | D:3      | Found a shadowy altar of Dithmenos.
  1926 | D:3      | Found a sparkling altar of Nemelex Xobeh.
  1927 | D:3      | Found a shattered altar of Ashenzari.
  1927 | D:3      | Found a glowing golden altar of the Shining One.
  1929 | D:3      | Found a basalt altar of Yredelemnul.
  2435 | D:4      | Found a glowing drain.
  2448 | Sewer    | Entered a sewer
  2524 | Sewer    | Noticed Purgy
  2533 | Sewer    | Killed Purgy
  2533 | Sewer    | Reached skill level 8 in Axes
  2796 | D:4      | Reached XP level 7. HP: 40/57 MP: 6/6
  3210 | D:5      | Entered Level 5 of the Dungeon
  3240 | D:5      | Slain by a bullfrog skeleton

Vault maps used:
D:1:      denvon_arrival_planthouse
D:2:      overflow_temple_1_default, nicolae_overflow_crystal_walls,
          nicolae_overflow_hidden_temple
D:3:      lemuel_round_altar, grunt_temple_overflow_open, bloody_makhleb,
          uniq_grinder
D:4:      cheibrodos_sewer_entry_sluice, first_ration, minmay_misc_feat_square,
          chequers_arboretum, kennysheep_generic_room_11
D:5:      lemuel_coloured_pillars_altar, gammafunk_ghost_cemetery, uniq_edmund
Sewer:    kennysheep_door_sewer

Skill      XL: |  1  2  3  4  5  6  7 |
---------------+----------------------+-----
Axes           | 4 5 7 8 |  8.1
Armour         | 3 4 5 6 |  6.1
Fighting       | |  3.6
Dodging        | |  2.1

Action                   |  1- 3 |  4- 6 |  7- 9 || total
-------------------------+-------+-------+-------++-------
Melee: Hand axe          |    72 |    48 |       ||   120
       Headbutt          |    11 |    13 |     1 ||    25
       War axe           |       |    38 |       ||    38
       Unarmed           |       |       |     2 ||     2
Invok: Berserk           |     1 |     1 |       ||     2
  Use: Scroll            |       |     5 |       ||     5
 Stab: Sleeping          |     1 |       |       ||     1
  Eat: Chunk             |     3 |     5 |     1 ||     9
Armor: Animal skin       |    14 |       |       ||    14
       Chain mail        |     7 |   120 |    30 ||   157
       Skin              |       |       |     2 ||     2
Dodge: Dodged            |    44 |    73 |    42 ||   159

Table legend:
 A = Non-vault XP
 B = Vault XP
 C = Vault XP percentage of total XP
 D = Non-vault monster count
 E = Vault monster count
 F = Vault count percentage of total count
                 A         B        C        D         E       F
            +---------+---------+-------+---------+---------+-------
      Total |     346 |     471 |  57.6 |      68 |      12 |  15.0
            +---------+---------+-------+---------+---------+-------
        D:1 |      16 |       0 |   0.0 |      11 |       0 |   0.0
        D:2 |      88 |       0 |   0.0 |      22 |       0 |   0.0
        D:3 |     122 |     290 |  70.4 |      26 |       1 |   3.7
        D:4 |     120 |      20 |  14.3 |       9 |       5 |  35.7
      Sewer |       0 |     161 | 100.0 |       0 |       6 | 100.0
            +---------+---------+-------+---------+---------+-------
